 Dungeon Crawl Stone Soup version 0.29.1 (webtiles) character file.

Game seed: 7408081824706560561

66 funnyparkerb the Cudgeller (level 4, -1/28 HPs)
             Began as a Gargoyle Fighter on Sept 12, 2022.
             Frozen to death by an endoplasm (2 damage)
             ... in a sewer.
             The game lasted 00:03:08 (1789 turns).

funnyparkerb the Cudgeller (Gargoyle Fighter)       Turns: 1789, Time: 00:03:08

Health: -1/28      AC: 10    Str: 19 (20) XL:     4   Next: 15%
Magic:  4/4        EV:  6    Int:  7 (8)  God:
Gold:   75         SH:  4    Dex:  8 (11) Spells: 3/3 levels left

rFire   . . .      SeeInvis .   a - +0 flail
rCold   . . .      Faith    +   c - +0 buckler
rNeg    + . .      Spirit   .   b - +0 scale mail
rPois   ∞          Reflect  .   (no helmet)
rElec   +          Harm     .   (no cloak)
rCorr   .          Rampage  .   (no gloves)
Will    .....                   (no boots)
Stlth   ..........              g - amulet of faith
HPRegen 0.09/turn               (no ring)
MPRegen 0.09/turn               (no ring)

@: mighty, brilliant, constricted
A: sickness immunity, AC +3, negative energy resistance 1, electricity
resistance, torment resistance 1, petrification resistance
a: no special abilities


You were in a sewer.
You visited 1 branch of the dungeon, and saw 3 of its levels.
You also visited: Sewer.

You collected 75 gold pieces.

Inventory:

Hand Weapons
 a - a +0 flail (weapon)
Armour
 b - a +0 scale mail (worn)
 c - a +0 buckler (worn)
Jewellery
 g - an amulet of faith (around neck)
 h - an amulet of the acrobat
Scrolls
 f - 2 scrolls of identify {unknown}
 i - a scroll of teleportation {unknown}
Potions
 j - a potion of degeneration


   Skills:
 - Level 3.2 Fighting
 + Level 4.3 Maces & Flails
 - Level 3.2 Armour
 - Level 3.2 Shields


You had 3 spell levels left.
You didn't know any spells.
Your spell library contained the following spells:

 Spells                   Type           Power      Damage    Failure   Level
 Summon Small Mammal      Summ           0%         N/A       88%         1
 Call Canine Familiar     Summ           0%         N/A       99%         3
 Summon Guardian Golem    Hex/Summ       0%         N/A       99%         3
 Petrify                  Tmut/Erth      0%         N/A       100%        4
 Irradiate                Conj/Tmut      0%         3d11      100%        5
 Sublimation of Blood     Necr           Unusable   N/A       N/A         2

Dungeon Overview and Level Annotations

Branches:
Dungeon (3/15)              Sewer (1/1)

Altars:


Innate Abilities, Weirdness & Mutations

You are immune to sickness and miasma.
Your stone body is resilient. (AC +3)
You are immune to poison.
You resist negative energy. (rN+)
You are resistant to electric shocks. (rElec)
You are resistant to unholy torment.
You are immune to petrification.


Message History

The ball python attacks as you move away!
The ball python bites you but does no damage.
You block the ball python's attack. The ball python grabs you.
The ball python constricts you.
Your unstable footing causes you to fumble your attack.
The ball python bites you but does no damage.
The ball python constricts you. The ball python barely misses you.
The ball python constricts you.
You closely miss the ball python.
The endoplasm hits you but does no damage.
The ball python closely misses you. The ball python constricts you.
The endoplasm freezes you.
You are frozen.
* * * LOW HITPOINT WARNING * * *
You escape the ball python's grasp.
The ball python bites you but does no damage.
You block the ball python's attack.
It was a potion of degeneration.
There was something very wrong with that liquid.
You feel weakened.
You feel dopey.
You feel clumsy.
The ball python bites you but does no damage.
The ball python grabs you. The ball python constricts you.
The endoplasm hits you but does no damage.
It was a potion of brilliance.
You feel clever all of a sudden. The ball python bites you.
* * * LOW HITPOINT WARNING * * *
The ball python constricts you.
The endoplasm hits you but does no damage.
You block the ball python's attack. The ball python constricts you.
* * * LOW HITPOINT WARNING * * *
You feel very mighty all of a sudden. The ball python barely misses you.
The ball python constricts you. The endoplasm barely misses you.
You closely miss the ball python. The ball python bites you.
* * * LOW HITPOINT WARNING * * *
The ball python constricts you. The endoplasm freezes you.
You are frozen.
You die...

#~~~.~.~...~.# ...~
#~....~.~.~..# #~.~S
#..########### #...~J
#~.# #..~~. #~.#
.~~.# #..## ##~..#
#...### ###~.~#
#..~~.#########.†.~~#
##....†...@S~~~....##
####..~...J†...####
#############


You could see an endoplasm and a ball python.

Vanquished Creatures
  A dart slug (D:1)
  10 endoplasms
  10 giant cockroaches
  2 goblins (D:1)
  3 hobgoblins
  7 jackals (D:1)
  4 ball pythons
  3 bats (D:1)
  9 frilled lizards
  3 kobolds
  4 rats
56 creatures vanquished.

Notes
Turn   | Place    | Note
-------+----------+-------------------------------------------
     0 | D:1      | funnyparkerb the Gargoyle Fighter began the quest for the
                  | Orb.
     0 | D:1      | Reached XP level 1. HP: 14/14 MP: 1/1
    62 | D:1      | Reached XP level 2. HP: 14/19 MP: 2/2
   148 | D:1      | Reached skill level 3 in Maces & Flails
   398 | D:1      | Reached XP level 3. HP: 19/23 MP: 3/3
   627 | D:1      | Found a faded altar of an unknown god.
  1519 | D:2      | You fall into a shaft and drop 1 floor!
  1603 | D:3      | Found a glowing drain.
  1610 | D:3      | Reached skill level 4 in Maces & Flails
  1620 | Sewer    | Entered a sewer
  1668 | Sewer    | Reached XP level 4. HP: 28/28 MP: 4/4
  1789 | Sewer    | HP: 1/28 [ball python (1)]
  1789 | Sewer    | Frozen to death by an endoplasm

Illustrated notes

Levels and vault maps discovered:
D:1:      co_arrival_square_in_a_square_in_a_square, layout_basic,
          ebering_ecumenical_altar_box, minivault_23, serial_park_tiny_pond,
          hangedman_decor_growths, hex_tiny, minmay_misc_feat_tower,
          hangedman_abyss_or_decor_lesser_grid, minmay_lizard_pond
D:2:      layout_basic, serial_rivers, chequers_serial_rivers_micro_c,
          chequers_serial_rivers_marsh, chequers_serial_rivers_micro_b,
          chequers_serial_rivers_large_b, chequers_serial_rivers_small_3,
          amcnicky_mini_rare_corridor_liquid, nicolae_underground_beach
D:3:      layout_basic, amethyst_overflow_temple_binary, gup_sewer_entry_pipe,
          nicolae_figureground_sparkle, uniq_crazy_yiuf_cottage, uniq_jessica
Sewer:    sewer_hellmonk_slimy_pipes

Skill      XL: |  1  2  3 |
---------------+----------+-----
Maces & Flails | 3 4 |  4.3
Fighting       | |  3.2
Armour         | |  3.2
Shields        | |  3.2

Action                   |  1- 3 |  4- 6 || total
-------------------------+-------+-------++-------
Melee: Flail             |   138 |    21 ||   159
  Use: Potion            |       |     3 ||     3
Armor: Scale mail        |    73 |    20 ||    93
Dodge: Dodged            |    68 |    12 ||    80
Block: Buckler           |    27 |     8 ||    35
